Remparts vs Sasquatch

Created - March 31, 2018 at 19:43

Goals
1 2 3 T
Remparts 1 1 0 2
Sasquatch 2 2 1 5
Shots
1 2 3 T
Remparts 10 13 9 32
Sasquatch 9 14 10 33

1st period

1. Sasquatch , Filip Forsberg 48 (Drew Shore 76) at 13:45
2. Remparts , Dainius Zubrus 18 (Guillaume Desbiens 52, Kris Russell 21) at 16:25 (PP)
3. Sasquatch , Patrick Wey 7 (Petr Straka 12, Nick Bjugstad 41) at 19:20 (PP)

Penalties :
Brock Trotter (Gat) for Roughing (Minor) at 16:14, Dale Weise (Que) for Holding (Minor) at 18:06

2nd period

4. Sasquatch , Filip Forsberg 49 (Slava Voynov 23, Drew Shore 77) at 4:31
5. Sasquatch , Drew Shore 42 (Slava Voynov 24) at 16:01
6. Remparts , Alex Galchenyuk 42 (Dainius Zubrus 32) at 16:34

Penalties :
Erik Gustafsson (Que) for Slashing (Minor) at 4:50, Matt Halischuk (Gat) for Roughing (Minor) at 8:46, Andrew Campbell (Gat) for Tripping (Minor) at 17:14

3rd period

7. Sasquatch , Drew Shore 43 (Jason Akeson 52, Nick Leddy 52) at 2:30 (PP)

Penalties :
Justin Williams (Que) for Slashing (Minor) at 2:24, Ryan Strome (Que) for Interference (Minor) at 3:18, William Colbert (Que) for Tripping (Minor) at 10:52, Tyler Plante (Que) for Slashing (Double Minor) at 12:18 - Pasi Salonen served the penalty

Goalie Stats

Tyler Plante (Que), 28 saves from 33 shots - (0.848), L, 17-19-3, 60:00 minutes
Corey Crawford (Gat), 30 saves from 32 shots - (0.938), W, 31-15-5, 60:00 minutes

Players Stats for Remparts

Player Name              G  A  P  +/- PIM S  H  SB GA TA FO     MP     PP MP  PK MP  
------------------------------------------------------------------------------------
Alex Galchenyuk          1  0  1  -2  0   5  1  1  1  0  2/2    20:14   2:26   2:26 
Cédric Lalonde-McNicoll  0  0  0   0  0   0  2  0  0  0  5/9    10:56   0:00   0:00 
Chris Mueller            0  0  0   0  0   1  1  0  0  0  4/6    11:23   0:00   3:03 
Dainius Zubrus           1  1  2  -2  0   3  1  0  1  0  13/27  17:45   2:35   0:42 
Dale Weise               0  0  0   0  2   0  2  0  0  0  0/0     8:09   0:00   0:00 
Daniel Paille            0  0  0   0  0   2  2  0  2  0  0/0    17:06   1:34   5:03 
Erik Gustafsson          0  0  0   0  2   1  0  2  1  0  0/0    20:00   1:14   4:26 
Griffin Reinhart         0  0  0   0  0   2  0  0  0  0  0/0    12:38   0:00   0:52 
Guillaume Desbiens       0  1  1   0  0   1  3  1  0  0  1/2    15:57   2:26   2:08 
Johannes Salmonsson      0  0  0   0  0   5  0  0  1  0  0/0     8:38   0:00   0:28 
Justin Williams          0  0  0   0  2   1  0  0  0  0  0/0    12:30   1:34   0:00 
Kris Russell             0  1  1  -2  0   3  0  4  2  1  0/0    26:27   2:55   3:50 
Max Reinhart             0  0  0   0  0   3  1  1  0  1  7/16   17:15   1:34   5:12 
Michal Jordan            0  0  0   0  0   1  0  1  0  0  0/0    12:55   0:00   1:40 
Mike Weber               0  0  0  -2  0   3  3  2  1  2  0/0    28:46   2:55   5:55 
Pasi Salonen             0  0  0   0  0   0  1  0  1  0  0/0    13:16   0:09   1:50 
Ryan Strome              0  0  0  -2  2   0  2  0  0  1  0/0    14:36   0:09   0:00 
William Colbert          0  0  0   0  2   1  2  1  0  0  0/0    20:08   1:14   4:44 

Players Stats for Sasquatch

Player Name              G  A  P  +/- PIM S  H  SB GA TA FO     MP     PP MP  PK MP  
------------------------------------------------------------------------------------
Andrew Campbell          0  0  0   0  2   5  0  1  0  0  0/0    22:26   3:52   1:20 
Brandon Gormley          0  0  0   0  0   1  0  1  0  1  0/0    20:32   3:52   1:30 
Brock Trotter            0  0  0   0  2   1  0  0  1  0  0/0    12:38   1:01   0:54 
Drew Shore               2  2  4   2  0   3  1  2  1  1  16/35  21:41   4:17   2:29 
Filip Forsberg           2  0  2   2  0   4  1  0  0  0  1/2    19:13   4:31   0:00 
Jason Akeson             0  1  1   2  0   1  2  0  0  0  1/1    19:00   4:18   0:00 
Jason Zucker             0  0  0   0  0   2  1  1  1  0  1/2    17:57   5:11   0:00 
Lauri Tukonen            0  0  0   0  0   1  2  1  0  0  0/0    13:39   1:14   2:12 
Martin Marincin          0  0  0   3  0   0  0  1  0  2  0/0    13:04   0:38   2:39 
Matt Halischuk           0  0  0   0  2   3  1  0  1  0  0/0    13:10   0:00   0:27 
Melker Karlsson          0  0  0   0  0   4  0  0  0  0  4/6    11:40   0:56   0:00 
Nick Bjugstad            0  1  1   0  0   1  1  2  0  0  6/13   17:30   5:11   0:00 
Nick Leddy               0  1  1  -1  0   3  2  3  0  2  0/0    24:37   6:13   0:58 
Patrick Wey              1  0  1  -1  0   1  0  5  1  2  0/0    26:01   6:13   1:30 
Petr Straka              0  1  1   0  0   2  1  1  0  0  0/0    12:27   5:11   0:00 
Sergey Kalinin           0  0  0   0  0   1  2  1  0  0  1/3     8:14   0:19   1:12 
Slava Voynov             0  2  2   3  0   0  1  0  0  2  0/0    13:31   0:38   0:21 
Teemu Hartikainen        0  0  0   0  0   0  0  0  0  0  0/0     8:28   0:00   1:04 

3 Stars

1 - Drew Shore (Gat)
2 - Filip Forsberg (Gat)
3 - Slava Voynov (Gat)

Power Play

Remparts - 1 on 3 Attempt(s) - 33.33%
Sasquatch - 2 on 6 Attempt(s) - 33.33%

Penalty Kill

Remparts - 4 on 6 Attempt(s) - 66.67% - Score 0 goal in Penalty Kill
Sasquatch - 2 on 3 Attempt(s) - 66.67% - Score 0 goal in Penalty Kill

Team Stat

Remparts - Hits : 21 - Faceoff Wins : 32 - Blocked Shots : 13 - Penalty Minutes : 14
Sasquatch - Hits : 15 - Faceoff Wins : 30 - Blocked Shots : 19 - Penalty Minutes : 6

Official

Referees : Lee Chris and Marouelli Dan
Linesman : Steve Miller and Brad Kovachik

Game Notes

No Game Note

Finance

Level 1 -- Attendance: 1517 (75.85%) -- Ticket Income $60,680
Level 2 -- Attendance: 772 (77.20%) -- Ticket Income $15,440
Total Attendance: 2289 (76.30%)
Total Ticket Income: $76,120
Other Income: $3,806
Total Income: $79,926

Remparts

5 vs 5 Forward 
   Center                   Left Wing                Right Wing               Time % Phy DF OF 
 1 Dainius Zubrus           Alex Galchenyuk          Ryan Strome              40     0   2  3  
 2 Max Reinhart             Daniel Paille            Guillaume Desbiens       30     0   2  3  
 3 Cédric Lalonde-McNicoll  Pasi Salonen             Justin Williams          20     1   3  1  
 4 Chris Mueller            Johannes Salmonsson      Dale Weise               10     1   2  2  

5 vs 5 Defense 
   Defense                  Defense                                           Time % Phy DF OF 
 1 Kris Russell             Mike Weber                                        40     0   2  3  
 2 William Colbert          Erik Gustafsson                                   30     0   2  3  
 3 Michal Jordan            Griffin Reinhart                                  20     1   3  1  
 4 Kris Russell             Mike Weber                                        10     0   2  3  

PowerPlay Forward 
   Center                   Left Wing                Right Wing               Time % Phy DF OF 
 1 Dainius Zubrus           Alex Galchenyuk          Guillaume Desbiens       60     1   0  4  
 2 Max Reinhart             Daniel Paille            Justin Williams          40     1   0  4  

PowerPlay Defense
   Defense                  Defense                                           Time % Phy DF OF 
 1 Kris Russell             Mike Weber                                        60     0   2  3  
 2 William Colbert          Erik Gustafsson                                   40     0   2  3  

Penalty Kill 4 Players Forward 
   Center                   Wing                     Time % Phy DF OF 
 1 Max Reinhart             Daniel Paille            60     0   4  1  
 2 Chris Mueller            Pasi Salonen             40     0   4  1  

Penalty Kill 4 Players Defense
   Defense                  Defense                  Time % Phy DF OF 
 1 William Colbert          Mike Weber               60     1   4  0  
 2 Erik Gustafsson          Kris Russell             40     1   4  0  

Penalty Kill - 3 Players Forward 
   Forward                                           Time % Phy DF OF 
 1 Max Reinhart                                      60     0   4  1  
 2 Chris Mueller                                     40     0   4  1  

Penalty Kill - 3 Players Defense
   Defense                  Defense                  Time % Phy DF OF 
 1 William Colbert          Mike Weber               60     1   4  0  
 2 Erik Gustafsson          Kris Russell             40     1   4  0  

4 vs 4 Forward 
   Center                   Wing                     Time % Phy DF OF 
 1 Dainius Zubrus           Alex Galchenyuk          60     0   2  3  
 2 Max Reinhart             Guillaume Desbiens       40     0   2  3  

4 vs 4 Defense
   Defense                  Defense                  Time % Phy DF OF 
 1 Kris Russell             Mike Weber               60     0   3  2  
 2 William Colbert          Erik Gustafsson          40     1   2  2  

Last Minutes Offensive
   Center                   Left Wing                Right Wing               Defense                  Defense                  
   Dainius Zubrus           Alex Galchenyuk          Ryan Strome              Kris Russell             Mike Weber               

Last Minutes Defensive
   Center                   Left Wing                Right Wing               Defense                  Defense                  
   Max Reinhart             Daniel Paille            Guillaume Desbiens       William Colbert          Mike Weber               

Goaltenders
Starting : Tyler Plante             
Backup : Igor Bobkov              

Extra Forwards
Normal : Max Reinhart, Alex Galchenyuk, Ryan Strome - PP : Daniel Paille, Pasi Salonen - PK : Guillaume Desbiens
Extra Defensemen
Normal : William Colbert, Griffin Reinhart, Mike Weber - PP : Griffin Reinhart - PK : Erik Gustafsson, Michal Jordan
Penalty Shots
Alex Galchenyuk, Pasi Salonen, Daniel Paille, Justin Williams, Ryan Strome

Scratches
Cody Ceci (Upper Body Injury), Michael Paliotta (Healthy), Anton Zlobin (Healthy), Mitchell Heard (Healthy), Brandon Mashinter (Healthy)
Patrick Maroon (Healthy), Tim Bozon (Healthy), François Brassard (Healthy)

Sasquatch

5 vs 5 Forward 
   Center                   Left Wing                Right Wing               Time % Phy DF OF 
 1 Drew Shore               Filip Forsberg           Jason Akeson             40     1   2  2  
 2 Nick Bjugstad            Jason Zucker             Matt Halischuk           30     1   2  2  
 3 Melker Karlsson          Brock Trotter            Lauri Tukonen            20     1   2  2  
 4 Sergey Kalinin           Teemu Hartikainen        Petr Straka              10     1   2  2  

5 vs 5 Defense 
   Defense                  Defense                                           Time % Phy DF OF 
 1 Patrick Wey              Nick Leddy                                        40     1   2  2  
 2 Brandon Gormley          Andrew Campbell                                   30     1   2  2  
 3 Martin Marincin          Slava Voynov                                      20     1   2  2  
 4 Slava Voynov             Andrew Campbell                                   10     1   2  2  

PowerPlay Forward 
   Center                   Left Wing                Right Wing               Time % Phy DF OF 
 1 Drew Shore               Filip Forsberg           Jason Akeson             60     1   2  2  
 2 Nick Bjugstad            Jason Zucker             Petr Straka              40     1   2  2  

PowerPlay Defense
   Defense                  Defense                                           Time % Phy DF OF 
 1 Nick Leddy               Patrick Wey                                       60     1   2  2  
 2 Brandon Gormley          Andrew Campbell                                   40     1   2  2  

Penalty Kill 4 Players Forward 
   Center                   Wing                     Time % Phy DF OF 
 1 Drew Shore               Lauri Tukonen            60     1   2  2  
 2 Sergey Kalinin           Matt Halischuk           40     1   2  2  

Penalty Kill 4 Players Defense
   Defense                  Defense                  Time % Phy DF OF 
 1 Martin Marincin          Andrew Campbell          60     1   2  2  
 2 Brandon Gormley          Patrick Wey              40     1   2  2  

Penalty Kill - 3 Players Forward 
   Forward                                           Time % Phy DF OF 
 1 Sergey Kalinin                                    60     1   2  2  
 2 Brock Trotter                                     40     1   2  2  

Penalty Kill - 3 Players Defense
   Defense                  Defense                  Time % Phy DF OF 
 1 Andrew Campbell          Brandon Gormley          60     1   2  2  
 2 Martin Marincin          Patrick Wey              40     1   2  2  

4 vs 4 Forward 
   Center                   Wing                     Time % Phy DF OF 
 1 Nick Bjugstad            Filip Forsberg           60     1   2  2  
 2 Drew Shore               Jason Zucker             40     1   2  2  

4 vs 4 Defense
   Defense                  Defense                  Time % Phy DF OF 
 1 Brandon Gormley          Patrick Wey              60     1   2  2  
 2 Nick Leddy               Martin Marincin          40     1   2  2  

Last Minutes Offensive
   Center                   Left Wing                Right Wing               Defense                  Defense                  
   Drew Shore               Filip Forsberg           Jason Akeson             Brandon Gormley          Nick Leddy               

Last Minutes Defensive
   Center                   Left Wing                Right Wing               Defense                  Defense                  
   Drew Shore               Filip Forsberg           Matt Halischuk           Martin Marincin          Andrew Campbell          

Goaltenders
Starting : Corey Crawford           
Backup : Joonas Korpisalo         

Extra Forwards
Normal : Jason Zucker, Petr Straka, Teemu Hartikainen - PP : Jason Zucker, Melker Karlsson - PK : Teemu Hartikainen
Extra Defensemen
Normal : Brandon Gormley, Slava Voynov, Nick Leddy - PP : Brandon Gormley - PK : Nick Leddy, Slava Voynov
Penalty Shots
Jason Akeson, Jason Zucker, Nick Leddy, Filip Forsberg, Lauri Tukonen

Scratches
Andy Andreoff (Healthy), T.J. Tynan (Healthy), Nicolas Deslauriers (Healthy), Ty Rattie (Healthy), Matt Taormina (Left Hip Injury)
Jack Campbell (Healthy)

% Time on Ice - Remparts

Lines # - Real PCT - Wanted PCT - Time Play
Normal Forward
1 - 34% - 40% - 15:23
2 - 24% - 30% - 10:39
3 - 24% - 20% - 10:56
4 - 18% - 10% - 8:10
Normal Defense
1 - 42% - 40% - 18:45
2 - 29% - 30% - 13:15
3 - 25% - 20% - 11:05
4 - 5% - 10% - 2:03
PP Forward
1 - 62% - 60% - 2:35
2 - 38% - 40% - 1:34
PP Defense
1 - 70% - 60% - 2:55
2 - 30% - 40% - 1:14
PK Forward
1 - 70% - 60% - 7:07
2 - 30% - 40% - 3:03
PK Defense
1 - 62% - 60% - 6:20
2 - 38% - 40% - 3:50
PK3 Forward
1 - 100% - 60% - 0:33
2 - 0% - 40% - 0:00
PK3 Defense
1 - 100% - 60% - 0:33
2 - 0% - 40% - 0:00
44 Forward
1 - 0% - 60%
2 - 0% - 40%
44 Defense
1 - 0% - 60%
2 - 0% - 40%
Last Minute Offensive  - 0:00
Last Minute Defensive  - 0:00
Total
Forward - 60:00
Defense - 60:00

% Time on Ice - Sasquatch

Lines # - Real PCT - Wanted PCT - Time Play
Normal Forward
1 - 36% - 40% - 16:17
2 - 28% - 30% - 12:31
3 - 22% - 20% - 9:49
4 - 14% - 10% - 6:31
Normal Defense
1 - 39% - 40% - 17:38
2 - 33% - 30% - 14:57
3 - 21% - 20% - 9:35
4 - 7% - 10% - 2:58
PP Forward
1 - 52% - 60% - 5:32
2 - 48% - 40% - 5:11
PP Defense
1 - 58% - 60% - 6:13
2 - 42% - 40% - 4:30
PK Forward
1 - 80% - 60% - 3:19
2 - 20% - 40% - 0:50
PK Defense
1 - 64% - 60% - 2:39
2 - 36% - 40% - 1:30
PK3 Forward
1 - 0% - 60%
2 - 0% - 40%
PK3 Defense
1 - 0% - 60%
2 - 0% - 40%
44 Forward
1 - 0% - 60%
2 - 0% - 40%
44 Defense
1 - 0% - 60%
2 - 0% - 40%
Last Minute Offensive  - 0:00
Last Minute Defensive  - 0:00
Total
Forward - 60:00
Defense - 60:00

Play by Play

1st period


0:01 of 1st period - Dainius Zubrus wins face-off versus Drew Shore in neutral zone.
0:10 of 1st period - Wrist shot by Dainius Zubrus.
0:10 of 1st period - Stopped by Corey Crawford with a rebound.
1:02 of 1st period - Sergey Kalinin is hit by Pasi Salonen and loses puck.
1:41 of 1st period - Slapshot by Jason Akeson.
1:41 of 1st period - Shot Misses the Net.
1:43 of 1st period - Snap shot by Jason Akeson.
1:43 of 1st period - Shot Misses the Net.
1:45 of 1st period - Wrist shot by Martin Marincin.
1:45 of 1st period - Shot Blocked by William Colbert.
2:01 of 1st period - Snap shot by Matt Halischuk.
2:01 of 1st period - Stopped by Tyler Plante with a rebound.
2:38 of 1st period - Slapshot by Nick Leddy.
2:38 of 1st period - Stopped by Tyler Plante with a rebound.
2:58 of 1st period - Michal Jordan is hit by Jason Akeson and loses puck.
3:30 of 1st period - Icing by Andrew Campbell.
3:31 of 1st period - Jason Zucker wins face-off versus Cédric Lalonde-McNicoll in Sasquatch zone.
3:40 of 1st period - Snap shot by Filip Forsberg.
3:40 of 1st period - Shot Blocked by Kris Russell.
3:56 of 1st period - Lauri Tukonen is hit by Alex Galchenyuk and loses puck.
4:25 of 1st period - Patrick Wey is hit by Guillaume Desbiens and loses puck.
5:12 of 1st period - Snap shot by Johannes Salmonsson.
5:12 of 1st period - Stopped by Corey Crawford with a rebound.
5:14 of 1st period - Snap shot by Chris Mueller.
5:14 of 1st period - Shot Blocked by Lauri Tukonen.
5:16 of 1st period - Backhand shot by Kris Russell.
5:16 of 1st period - Shot Misses the Net.
5:18 of 1st period - Slapshot by Mike Weber.
5:18 of 1st period - Shot Blocked by Martin Marincin.
5:30 of 1st period - Drew Shore is hit by Mike Weber and loses puck.
7:49 of 1st period - Wrist shot by Alex Galchenyuk.
7:49 of 1st period - Shot Misses the Net.
7:51 of 1st period - Backhand shot by Mike Weber.
7:51 of 1st period - Stopped by Corey Crawford with a rebound.
7:53 of 1st period - Slapshot by Ryan Strome.
7:53 of 1st period - Shot Misses the Net.
7:55 of 1st period - Slapshot by Mike Weber.
7:55 of 1st period - Stopped by Corey Crawford with a rebound.
8:52 of 1st period - William Colbert is hit by Drew Shore and loses puck.
9:15 of 1st period - Cédric Lalonde-McNicoll is hit by Sergey Kalinin and loses puck.
9:26 of 1st period - Slava Voynov is hit by William Colbert and loses puck.
10:42 of 1st period - Michal Jordan is hit by Sergey Kalinin and loses puck.
12:18 of 1st period - Johannes Salmonsson is hit by Lauri Tukonen and loses puck.
13:13 of 1st period - Wrist shot by Johannes Salmonsson.
13:13 of 1st period - Stopped by Corey Crawford without a rebound.
13:14 of 1st period - Drew Shore wins face-off versus Chris Mueller in Sasquatch zone.
13:23 of 1st period - Snap shot by Filip Forsberg.
13:23 of 1st period - Deflect By Jason Akeson.
13:23 of 1st period - Shot Misses the Net.
13:23 of 1st period - Puck is out of play.
13:24 of 1st period - Dainius Zubrus wins face-off versus Drew Shore in Remparts zone.
13:37 of 1st period - Snap shot by Filip Forsberg.
13:37 of 1st period - Shot Misses the Net.
13:45 of 1st period - Wrist shot by Filip Forsberg.
13:45 of 1st period - Goal by Filip Forsberg - Remparts : 0 - Sasquatch : 1.
13:46 of 1st period - Drew Shore wins face-off versus Dainius Zubrus in neutral zone.
13:57 of 1st period - Snap shot by Jason Akeson.
13:57 of 1st period - Stopped by Tyler Plante without a rebound.
13:58 of 1st period - Dainius Zubrus wins face-off versus Drew Shore in Remparts zone.
14:03 of 1st period - Slapshot by Dainius Zubrus.
14:03 of 1st period - Shot Blocked by Patrick Wey.
14:05 of 1st period - Slapshot by Mike Weber.
14:05 of 1st period - Shot Blocked by Nick Leddy.
14:07 of 1st period - Slapshot by Kris Russell.
14:07 of 1st period - Shot Blocked by Drew Shore.
14:09 of 1st period - Slapshot by Ryan Strome.
14:09 of 1st period - Shot Blocked by Patrick Wey.
14:11 of 1st period - Slapshot by Kris Russell.
14:11 of 1st period - Shot Misses the Net.
14:13 of 1st period - Snap shot by Alex Galchenyuk.
14:13 of 1st period - Shot Hit the Post.
14:35 of 1st period - Snap shot by Nick Bjugstad.
14:35 of 1st period - Stopped by Tyler Plante with a rebound.
14:45 of 1st period - Wrist shot by Daniel Paille.
14:45 of 1st period - Shot Misses the Net.
14:47 of 1st period - Slapshot by Kris Russell.
14:47 of 1st period - Deflect By Justin Williams.
14:47 of 1st period - Shot Misses the Net.
14:47 of 1st period - Puck is out of play.
14:48 of 1st period - Melker Karlsson wins face-off versus Cédric Lalonde-McNicoll in Sasquatch zone.
14:57 of 1st period - Wrist shot by Melker Karlsson.
14:57 of 1st period - Stopped by Tyler Plante with a rebound.
15:19 of 1st period - Slapshot by Brock Trotter.
15:19 of 1st period - Deflect By Melker Karlsson.
15:19 of 1st period - Stopped by Tyler Plante with a rebound.
15:29 of 1st period - Slapshot by Pasi Salonen.
15:29 of 1st period - Shot Misses the Net.
16:14 of 1st period - Minor Penalty to Brock Trotter for Roughing.
16:15 of 1st period - Guillaume Desbiens wins face-off versus Drew Shore in Sasquatch zone.
16:19 of 1st period - Snap shot by Dainius Zubrus.
16:19 of 1st period - Shot Misses the Net.
16:23 of 1st period - Snap shot by Dainius Zubrus.
16:23 of 1st period - Deflect By Guillaume Desbiens.
16:23 of 1st period - Stopped by Corey Crawford with a rebound.
16:25 of 1st period - Snap shot by Dainius Zubrus.
16:25 of 1st period - Goal by Dainius Zubrus - Remparts : 1 - Sasquatch : 1.
16:26 of 1st period - Drew Shore wins face-off versus Dainius Zubrus in neutral zone.
16:28 of 1st period - Off-side.
16:29 of 1st period - Dainius Zubrus wins face-off versus Drew Shore in neutral zone.
16:34 of 1st period - Backhand shot by Alex Galchenyuk.
16:34 of 1st period - Stopped by Corey Crawford with a rebound.
16:58 of 1st period - Wrist shot by Guillaume Desbiens.
16:58 of 1st period - Deflect By Max Reinhart.
16:58 of 1st period - Shot Misses the Net.
16:58 of 1st period - Puck is out of play.
16:59 of 1st period - Max Reinhart wins face-off versus Nick Bjugstad in Sasquatch zone.
17:00 of 1st period - Snap shot by Guillaume Desbiens.
17:00 of 1st period - Shot Blocked by Nick Bjugstad.
17:02 of 1st period - Snap shot by Max Reinhart.
17:02 of 1st period - Stopped by Corey Crawford with a rebound.
17:04 of 1st period - Snap shot by Max Reinhart.
17:04 of 1st period - Stopped by Corey Crawford with a rebound.
17:06 of 1st period - Snap shot by Guillaume Desbiens.
17:06 of 1st period - Shot Misses the Net.
18:06 of 1st period - Minor Penalty to Dale Weise for Holding.
18:07 of 1st period - Drew Shore wins face-off versus Max Reinhart in Remparts zone.
18:09 of 1st period - Snap shot by Jason Akeson.
18:09 of 1st period - Shot Misses the Net.
18:47 of 1st period - Max Reinhart is hit by Nick Bjugstad and loses puck.
19:18 of 1st period - Backhand shot by Petr Straka.
19:18 of 1st period - Stopped by Tyler Plante with a rebound.
19:20 of 1st period - Slapshot by Patrick Wey.
19:20 of 1st period - Goal by Patrick Wey - Remparts : 1 - Sasquatch : 2.
19:21 of 1st period - Dainius Zubrus wins face-off versus Drew Shore in neutral zone.
19:43 of 1st period - Icing by Kris Russell.
19:44 of 1st period - Melker Karlsson wins face-off versus Dainius Zubrus in Remparts zone.
19:45 of 1st period - Snap shot by Brock Trotter.
19:45 of 1st period - Shot Blocked by Kris Russell.
Goals for this period are 1 for Remparts vs 2 for Sasquatch.
Shots for this period are 10 for Remparts vs 9 for Sasquatch.

2nd period


0:01 of 2nd period - Drew Shore wins face-off versus Dainius Zubrus in neutral zone.
0:08 of 2nd period - Dainius Zubrus is hit by Jason Akeson and loses puck.
0:47 of 2nd period - Off-side.
0:48 of 2nd period - Cédric Lalonde-McNicoll wins face-off versus Melker Karlsson in neutral zone.
0:52 of 2nd period - Off-side.
0:53 of 2nd period - Alex Galchenyuk wins face-off versus Drew Shore in neutral zone.
2:08 of 2nd period - Slapshot by Nick Leddy.
2:08 of 2nd period - Stopped by Tyler Plante without a rebound.
2:09 of 2nd period - Drew Shore wins face-off versus Dainius Zubrus in Remparts zone.
2:10 of 2nd period - Snap shot by Filip Forsberg.
2:10 of 2nd period - Shot Misses the Net.
2:36 of 2nd period - Nick Leddy is hit by Daniel Paille and loses puck.
3:38 of 2nd period - Off-side.
3:39 of 2nd period - Drew Shore wins face-off versus Dainius Zubrus in neutral zone.
3:41 of 2nd period - Off-side.
3:42 of 2nd period - Dainius Zubrus wins face-off versus Drew Shore in neutral zone.
3:46 of 2nd period - Wrist shot by Alex Galchenyuk.
3:46 of 2nd period - Stopped by Corey Crawford with a rebound.
4:25 of 2nd period - Slapshot by Filip Forsberg.
4:25 of 2nd period - Stopped by Tyler Plante with a rebound.
4:29 of 2nd period - Snap shot by Drew Shore.
4:29 of 2nd period - Stopped by Tyler Plante with a rebound.
4:31 of 2nd period - Slapshot by Slava Voynov.
4:31 of 2nd period - Deflect By Filip Forsberg.
4:31 of 2nd period - Goal by Filip Forsberg - Remparts : 1 - Sasquatch : 3.
4:32 of 2nd period - Nick Bjugstad wins face-off versus Max Reinhart in neutral zone.
4:35 of 2nd period - Snap shot by Jason Zucker.
4:35 of 2nd period - Stopped by Tyler Plante without a rebound.
4:36 of 2nd period - Nick Bjugstad wins face-off versus Max Reinhart in Remparts zone.
4:45 of 2nd period - Backhand shot by Nick Leddy.
4:45 of 2nd period - Shot Blocked by Max Reinhart.
4:50 of 2nd period - Minor Penalty to Erik Gustafsson for Slashing.
4:51 of 2nd period - Max Reinhart wins face-off versus Drew Shore in Remparts zone.
6:50 of 2nd period - Penalty to Erik Gustafsson is over, Erik Gustafsson is back on ice.
7:22 of 2nd period - Slapshot by Andrew Campbell.
7:22 of 2nd period - Shot Blocked by Guillaume Desbiens.
7:34 of 2nd period - Wrist shot by Melker Karlsson.
7:34 of 2nd period - Stopped by Tyler Plante with a rebound.
7:36 of 2nd period - Slapshot by Lauri Tukonen.
7:36 of 2nd period - Shot Blocked by Mike Weber.
7:38 of 2nd period - Wrist shot by Lauri Tukonen.
7:38 of 2nd period - Stopped by Tyler Plante with a rebound.
7:42 of 2nd period - Slapshot by Lauri Tukonen.
7:42 of 2nd period - Shot Blocked by Erik Gustafsson.
7:44 of 2nd period - Slapshot by Brock Trotter.
7:44 of 2nd period - Stopped by Tyler Plante without a rebound.
7:45 of 2nd period - Nick Bjugstad wins face-off versus Cédric Lalonde-McNicoll in Remparts zone.
7:48 of 2nd period - Slapshot by Matt Halischuk.
7:48 of 2nd period - Shot Misses the Net.
7:50 of 2nd period - Slapshot by Nick Leddy.
7:50 of 2nd period - Stopped by Tyler Plante without a rebound.
7:51 of 2nd period - Cédric Lalonde-McNicoll wins face-off versus Nick Bjugstad in Remparts zone.
7:58 of 2nd period - Matt Halischuk is hit by Cédric Lalonde-McNicoll and loses puck.
8:05 of 2nd period - Slapshot by Patrick Wey.
8:05 of 2nd period - Deflect By Matt Halischuk.
8:05 of 2nd period - Shot Blocked by Michal Jordan.
8:05 of 2nd period - Puck is out of play.
8:06 of 2nd period - Chris Mueller wins face-off versus Drew Shore in Remparts zone.
8:06 of 2nd period - Chris Mueller is hit by Nick Leddy.
8:31 of 2nd period - Nick Bjugstad is hit by Max Reinhart and loses puck.
8:46 of 2nd period - Minor Penalty to Matt Halischuk for Roughing.
8:47 of 2nd period - Drew Shore wins face-off versus Dainius Zubrus in Sasquatch zone.
9:02 of 2nd period - Slapshot by Alex Galchenyuk.
9:02 of 2nd period - Stopped by Corey Crawford without a rebound.
9:03 of 2nd period - Drew Shore wins face-off versus Dainius Zubrus in Sasquatch zone.
9:08 of 2nd period - Snap shot by Drew Shore.
9:08 of 2nd period - Deflect By Lauri Tukonen.
9:08 of 2nd period - Shot Misses the Net.
9:08 of 2nd period - Puck is out of play.
9:09 of 2nd period - Drew Shore wins face-off versus Guillaume Desbiens in Remparts zone.
9:14 of 2nd period - Slapshot by Lauri Tukonen.
9:14 of 2nd period - Shot Blocked by Kris Russell.
10:46 of 2nd period - Penalty to Matt Halischuk is over, Matt Halischuk is back on ice.
11:03 of 2nd period - Snap shot by Matt Halischuk.
11:03 of 2nd period - Stopped by Tyler Plante with a rebound.
11:17 of 2nd period - Snap shot by Cédric Lalonde-McNicoll.
11:17 of 2nd period - Shot Blocked by Patrick Wey.
11:48 of 2nd period - Snap shot by Jason Zucker.
11:48 of 2nd period - Shot Misses the Net.
11:50 of 2nd period - Wrist shot by Jason Zucker.
11:50 of 2nd period - Stopped by Tyler Plante with a rebound.
11:54 of 2nd period - Slapshot by Nick Bjugstad.
11:54 of 2nd period - Shot Misses the Net.
12:32 of 2nd period - Slapshot by Andrew Campbell.
12:32 of 2nd period - Stopped by Tyler Plante without a rebound.
12:33 of 2nd period - Dainius Zubrus wins face-off versus Jason Zucker in Remparts zone.
12:40 of 2nd period - Filip Forsberg is hit by Ryan Strome and loses puck.
13:17 of 2nd period - Teemu Hartikainen is hit by Dale Weise and loses puck.
13:41 of 2nd period - Matt Halischuk is hit by Cédric Lalonde-McNicoll and loses puck.
14:07 of 2nd period - Ryan Strome is hit by Filip Forsberg and loses puck.
14:20 of 2nd period - Max Reinhart is hit by Lauri Tukonen and loses puck.
15:07 of 2nd period - Snap shot by Cédric Lalonde-McNicoll.
15:07 of 2nd period - Shot Blocked by Nick Leddy.
15:09 of 2nd period - Wrist shot by Justin Williams.
15:09 of 2nd period - Shot Misses the Net.
15:11 of 2nd period - Wrist shot by Cédric Lalonde-McNicoll.
15:11 of 2nd period - Shot Misses the Net.
15:13 of 2nd period - Slapshot by Kris Russell.
15:13 of 2nd period - Stopped by Corey Crawford without a rebound.
15:14 of 2nd period - Drew Shore wins face-off versus Dainius Zubrus in Sasquatch zone.
15:23 of 2nd period - Backhand shot by William Colbert.
15:23 of 2nd period - Stopped by Corey Crawford without a rebound.
15:24 of 2nd period - Alex Galchenyuk wins face-off versus Drew Shore in Sasquatch zone.
16:01 of 2nd period - Wrist shot by Slava Voynov.
16:01 of 2nd period - Deflect By Drew Shore.
16:01 of 2nd period - Goal by Drew Shore - Remparts : 1 - Sasquatch : 4.
16:02 of 2nd period - Max Reinhart wins face-off versus Nick Bjugstad in neutral zone.
16:09 of 2nd period - Wrist shot by Guillaume Desbiens.
16:09 of 2nd period - Shot Blocked by Jason Zucker.
16:11 of 2nd period - Slapshot by Guillaume Desbiens.
16:11 of 2nd period - Shot Misses the Net.
16:13 of 2nd period - Snap shot by Daniel Paille.
16:13 of 2nd period - Stopped by Corey Crawford with a rebound.
16:15 of 2nd period - Slapshot by Kris Russell.
16:15 of 2nd period - Stopped by Corey Crawford with a rebound.
16:27 of 2nd period - Drew Shore is hit by Ryan Strome and loses puck.
16:32 of 2nd period - Wrist shot by Dainius Zubrus.
16:32 of 2nd period - Shot Blocked by Nick Leddy.
16:34 of 2nd period - Snap shot by Alex Galchenyuk.
16:34 of 2nd period - Goal by Alex Galchenyuk - Remparts : 2 - Sasquatch : 4.
16:35 of 2nd period - Dainius Zubrus wins face-off versus Nick Bjugstad in neutral zone.
16:43 of 2nd period - Off-side.
16:44 of 2nd period - Dainius Zubrus wins face-off versus Nick Bjugstad in neutral zone.
17:06 of 2nd period - Icing by Mike Weber.
17:07 of 2nd period - Dainius Zubrus wins face-off versus Drew Shore in Remparts zone.
17:12 of 2nd period - Snap shot by Dainius Zubrus.
17:12 of 2nd period - Stopped by Corey Crawford with a rebound.
17:14 of 2nd period - Minor Penalty to Andrew Campbell for Tripping.
17:15 of 2nd period - Drew Shore wins face-off versus Dainius Zubrus in Sasquatch zone.
19:14 of 2nd period - Penalty to Andrew Campbell is over, Andrew Campbell is back on ice.
19:33 of 2nd period - Snap shot by Johannes Salmonsson.
19:33 of 2nd period - Stopped by Corey Crawford with a rebound.
19:35 of 2nd period - Wrist shot by Johannes Salmonsson.
19:35 of 2nd period - Shot Misses the Net.
19:37 of 2nd period - Wrist shot by Michal Jordan.
19:37 of 2nd period - Deflect By Jason Zucker.
19:37 of 2nd period - Stopped by Corey Crawford without a rebound.
19:38 of 2nd period - Chris Mueller wins face-off versus Sergey Kalinin in Sasquatch zone.
19:39 of 2nd period - Slapshot by Johannes Salmonsson.
19:39 of 2nd period - Stopped by Corey Crawford with a rebound.
19:41 of 2nd period - Slapshot by Chris Mueller.
19:41 of 2nd period - Stopped by Corey Crawford with a rebound.
19:43 of 2nd period - Wrist shot by Griffin Reinhart.
19:43 of 2nd period - Deflect By Teemu Hartikainen.
19:43 of 2nd period - Stopped by Corey Crawford with a rebound.
19:45 of 2nd period - Backhand shot by Michal Jordan.
19:45 of 2nd period - Shot Blocked by Sergey Kalinin.
19:53 of 2nd period - Slapshot by Andrew Campbell.
19:53 of 2nd period - Stopped by Tyler Plante with a rebound.
Goals for this period are 1 for Remparts vs 2 for Sasquatch.
Shots for this period are 13 for Remparts vs 14 for Sasquatch.

3rd period


0:01 of 3rd period - Filip Forsberg wins face-off versus Max Reinhart in neutral zone.
0:06 of 3rd period - Wrist shot by Filip Forsberg.
0:06 of 3rd period - Shot Blocked by Mike Weber.
1:11 of 3rd period - Slapshot by Andrew Campbell.
1:11 of 3rd period - Stopped by Tyler Plante without a rebound.
1:12 of 3rd period - Chris Mueller wins face-off versus Drew Shore in Remparts zone.
1:20 of 3rd period - Erik Gustafsson is hit by Slava Voynov and loses puck.
1:26 of 3rd period - Icing by Jason Akeson.
1:27 of 3rd period - Drew Shore wins face-off versus Max Reinhart in Sasquatch zone.
1:34 of 3rd period - Snap shot by Filip Forsberg.
1:34 of 3rd period - Stopped by Tyler Plante without a rebound.
1:35 of 3rd period - Max Reinhart wins face-off versus Drew Shore in Remparts zone.
1:40 of 3rd period - Jason Akeson is hit by William Colbert and loses puck.
1:47 of 3rd period - Wrist shot by Daniel Paille.
1:47 of 3rd period - Shot Blocked by Drew Shore.
1:49 of 3rd period - Slapshot by Erik Gustafsson.
1:49 of 3rd period - Deflect By Daniel Paille.
1:49 of 3rd period - Stopped by Corey Crawford without a rebound.
1:50 of 3rd period - Nick Bjugstad wins face-off versus Dainius Zubrus in Sasquatch zone.
1:50 of 3rd period - Nick Bjugstad is hit by Mike Weber.
2:22 of 3rd period - Slapshot by Brandon Gormley.
2:22 of 3rd period - Stopped by Tyler Plante with a rebound.
2:24 of 3rd period - Minor Penalty to Justin Williams for Slashing.
2:25 of 3rd period - Drew Shore wins face-off versus Max Reinhart in Remparts zone.
2:30 of 3rd period - Snap shot by Drew Shore.
2:30 of 3rd period - Goal by Drew Shore - Remparts : 2 - Sasquatch : 5.
2:31 of 3rd period - Jason Akeson wins face-off versus Dainius Zubrus in neutral zone.
2:41 of 3rd period - Off-side.
2:42 of 3rd period - Max Reinhart wins face-off versus Drew Shore in neutral zone.
2:55 of 3rd period - Slapshot by Nick Leddy.
2:55 of 3rd period - Deflect By Filip Forsberg.
2:55 of 3rd period - Shot Blocked by Kris Russell.
2:55 of 3rd period - Puck is out of play.
2:56 of 3rd period - Nick Bjugstad wins face-off versus Dainius Zubrus in Remparts zone.
3:10 of 3rd period - Slapshot by Matt Halischuk.
3:10 of 3rd period - Stopped by Tyler Plante with a rebound.
3:18 of 3rd period - Minor Penalty to Ryan Strome for Interference.
3:19 of 3rd period - Max Reinhart wins face-off versus Drew Shore in Remparts zone.
4:24 of 3rd period - Erik Gustafsson is hit by Jason Zucker and loses puck.
4:51 of 3rd period - Filip Forsberg is hit by Guillaume Desbiens and loses puck.
5:18 of 3rd period - Penalty to Ryan Strome is over, Ryan Strome is back on ice.
5:26 of 3rd period - Slapshot by Cédric Lalonde-McNicoll.
5:26 of 3rd period - Shot Blocked by Patrick Wey.
5:28 of 3rd period - Slapshot by Griffin Reinhart.
5:28 of 3rd period - Stopped by Corey Crawford with a rebound.
5:30 of 3rd period - Snap shot by Cédric Lalonde-McNicoll.
5:30 of 3rd period - Shot Blocked by Patrick Wey.
5:32 of 3rd period - Slapshot by Griffin Reinhart.
5:32 of 3rd period - Shot Misses the Net.
5:44 of 3rd period - Snap shot by Johannes Salmonsson.
5:44 of 3rd period - Shot Misses the Net.
5:46 of 3rd period - Snap shot by Johannes Salmonsson.
5:46 of 3rd period - Stopped by Corey Crawford with a rebound.
5:48 of 3rd period - Slapshot by Kris Russell.
5:48 of 3rd period - Stopped by Corey Crawford without a rebound.
5:49 of 3rd period - Chris Mueller wins face-off versus Drew Shore in Sasquatch zone.
6:00 of 3rd period - Filip Forsberg is hit by Chris Mueller and loses puck.
6:09 of 3rd period - Jason Akeson is hit by Dale Weise and loses puck.
6:28 of 3rd period - Snap shot by Dainius Zubrus.
6:28 of 3rd period - Shot Misses the Net.
6:30 of 3rd period - Slapshot by Griffin Reinhart.
6:30 of 3rd period - Shot Blocked by Petr Straka.
8:13 of 3rd period - Wrist shot by Mike Weber.
8:13 of 3rd period - Stopped by Corey Crawford with a rebound.
8:35 of 3rd period - Andrew Campbell is hit by Dainius Zubrus and loses puck.
9:15 of 3rd period - Off-side.
9:16 of 3rd period - Cédric Lalonde-McNicoll wins face-off versus Nick Bjugstad in neutral zone.
9:44 of 3rd period - Wrist shot by Petr Straka.
9:44 of 3rd period - Stopped by Tyler Plante without a rebound.
9:45 of 3rd period - Dainius Zubrus wins face-off versus Sergey Kalinin in Remparts zone.
9:52 of 3rd period - Slapshot by Petr Straka.
9:52 of 3rd period - Deflect By Sergey Kalinin.
9:52 of 3rd period - Stopped by Tyler Plante with a rebound.
10:43 of 3rd period - Snap shot by Cédric Lalonde-McNicoll.
10:43 of 3rd period - Deflect By Pasi Salonen.
10:43 of 3rd period - Shot Blocked by Brandon Gormley.
10:43 of 3rd period - Puck is out of play.
10:44 of 3rd period - Melker Karlsson wins face-off versus Dainius Zubrus in Sasquatch zone.
10:52 of 3rd period - Minor Penalty to William Colbert for Tripping.
10:53 of 3rd period - Drew Shore wins face-off versus Max Reinhart in Remparts zone.
11:13 of 3rd period - Erik Gustafsson is hit by Nick Leddy and loses puck.
11:24 of 3rd period - Slapshot by Erik Gustafsson.
11:24 of 3rd period - Stopped by Corey Crawford without a rebound.
11:25 of 3rd period - Nick Bjugstad wins face-off versus Chris Mueller in Sasquatch zone.
11:42 of 3rd period - Nick Bjugstad is hit by Mike Weber and loses puck.
12:11 of 3rd period - Chris Mueller is hit by Petr Straka and loses puck.
12:16 of 3rd period - Snap shot by Jason Zucker.
12:16 of 3rd period - Shot Misses the Net.
12:18 of 3rd period - Slapshot by Andrew Campbell.
12:18 of 3rd period - Stopped by Tyler Plante without a rebound.
12:18 of 3rd period - Double Minor Penalty to Tyler Plante for Slashing.
12:19 of 3rd period - Drew Shore wins face-off versus Max Reinhart in Remparts zone.
12:52 of 3rd period - Penalty to William Colbert is over, William Colbert is back on ice.
13:05 of 3rd period - Petr Straka is hit by Daniel Paille and loses puck.
15:29 of 3rd period - Snap shot by Brock Trotter.
15:29 of 3rd period - Shot Blocked by Erik Gustafsson.
16:18 of 3rd period - Penalty to Pasi Salonen is over, Pasi Salonen is back on ice.
16:37 of 3rd period - Snap shot by Justin Williams.
16:37 of 3rd period - Stopped by Corey Crawford without a rebound.
16:38 of 3rd period - Sergey Kalinin wins face-off versus Cédric Lalonde-McNicoll in Sasquatch zone.
17:37 of 3rd period - Slapshot by Guillaume Desbiens.
17:37 of 3rd period - Shot Blocked by Nick Bjugstad.
17:39 of 3rd period - Snap shot by Max Reinhart.
17:39 of 3rd period - Shot Misses the Net.
17:41 of 3rd period - Wrist shot by Max Reinhart.
17:41 of 3rd period - Stopped by Corey Crawford without a rebound.
17:42 of 3rd period - Melker Karlsson wins face-off versus Max Reinhart in Sasquatch zone.
17:47 of 3rd period - Snap shot by Melker Karlsson.
17:47 of 3rd period - Stopped by Tyler Plante without a rebound.
17:48 of 3rd period - Dainius Zubrus wins face-off versus Melker Karlsson in Remparts zone.
17:57 of 3rd period - Snap shot by Alex Galchenyuk.
17:57 of 3rd period - Shot Blocked by Andrew Campbell.
18:03 of 3rd period - Slapshot by Brandon Gormley.
18:03 of 3rd period - Shot Blocked by Alex Galchenyuk.
18:17 of 3rd period - Andrew Campbell is hit by Guillaume Desbiens and loses puck.
18:34 of 3rd period - Backhand shot by Andrew Campbell.
18:34 of 3rd period - Stopped by Tyler Plante without a rebound.
18:35 of 3rd period - Cédric Lalonde-McNicoll wins face-off versus Nick Bjugstad in Remparts zone.
18:41 of 3rd period - Icing by Erik Gustafsson.
18:42 of 3rd period - Cédric Lalonde-McNicoll wins face-off versus Drew Shore in Remparts zone.
18:48 of 3rd period - Off-side.
18:49 of 3rd period - Dainius Zubrus wins face-off versus Filip Forsberg in neutral zone.
19:25 of 3rd period - Backhand shot by Alex Galchenyuk.
19:25 of 3rd period - Stopped by Corey Crawford without a rebound.
19:26 of 3rd period - Max Reinhart wins face-off versus Drew Shore in Sasquatch zone.
19:53 of 3rd period - Justin Williams is hit by Matt Halischuk and loses puck.
Goals for this period are 0 for Remparts vs 1 for Sasquatch.
Shots for this period are 9 for Remparts vs 10 for Sasquatch.